 Dungeon Crawl Stone Soup version 0.16.1-51-g6203257 (webtiles) character file.

214406 hannobal the Fencer (level 19, -2/140 HPs)
             Began as a Human Wanderer on July 16, 2015.
             Was a Priest of Ashenzari.
             Killed from afar by a fire dragon (20 damage)
             ... with a blast of flame
             ... on level 1 of the Vaults on July 19, 2015.
             The game lasted 05:08:42 (64905 turns).

hannobal the Fencer (Human Wanderer)               Turns: 64905, Time: 05:08:42

Health: -2/140     AC: 28    Str: 16    XL:     19   Next: 71%
Magic:  10/10      EV: 16    Int: 20    God:    Ashenzari [***...]
Gold:   1838       SH: 15    Dex: 14    Spells: 6 memorised, 6 levels left

rFire  + . .     SeeInvis +     d - +5 demon whip "Spellbinder" {antimagic, MR+}
rCold  + . .     Clarity  +     Q - +2 scale mail {rF+} (curse)
rNeg   . . .     SustAb   .     H - +1 shield {rPois} (curse)
rPois  +         Gourm    .     J - +1 hat (curse)
rElec  .         Spirit   .     f - +2 cloak (curse)
rCorr  .         Warding  .     z - +0 pair of gloves (curse)
rMut   .         Stasis   .     E - +3 pair of boots of the Peculiar Deaths {rC+ MR+ Str-2 Int+6} (curse)
MR     ++++.                    V - amulet of regeneration
Stlth  +.........               m - +6 ring of protection
                                L - ring of protection from magic

@: incredibly resistant to hostile enchantments, very unstealthy
A: no striking features
a: Renounce Religion
}: 1/15 runes: serpentine


You were on level 1 of the Vaults.
You worshipped Ashenzari.
Ashenzari was most pleased with you.
You were not hungry.

You visited 7 branches of the dungeon, and saw 35 of its levels.
You also visited: Ice Cave.

You collected 4665 gold pieces.
You spent 2827 gold pieces at shops.

Inventory:

Hand weapons
 a - a +7 double sword of flaming
 b - the +3 long sword "Embalmer" {antimagic, MP+9 Str+3}
   (You found it on level 4 of the Lair of Beasts)

   It disrupts the flow of magical energy around spellcasters and certain
   magical creatures (including the wielder).
   It affects your strength (+3).
   It affects your magic capacity (+9).
 d - the +5 demon whip "Spellbinder" (weapon) {antimagic, MR+}
   (You bought it in a shop on level 12 of the Dungeon)

   It disrupts the flow of magical energy around spellcasters and certain
   magical creatures (including the wielder).
   It affects your resistance to hostile enchantments.
 g - a +4 blowgun
Missiles
 e - 39 tomahawks
 o - 5 throwing nets
 A - 6 silver tomahawks
 C - 2 curare-tipped needles
 D - 9 javelins (quivered)
 X - 5 needles of confusion
Armour
 f - a cursed +2 cloak (worn)
 s - the +6 shield "Thrigux" {rElec rC- Regen+ Str+2 Int+2}
   (You found it on level 7 of the Dungeon)

   It affects your strength (+2).
   It affects your intelligence (+2).
   It makes you vulnerable to cold.
   It insulates you from electricity.
   It increases your rate of regeneration.
 z - a cursed +0 pair of gloves (worn)
 E - the cursed +3 pair of boots of the Peculiar Deaths (worn) {rC+ MR+ Str-2 Int+6}
   (You bought it in a shop on level 4 of the Orcish Mines)

   It affects your strength (-2).
   It affects your intelligence (+6).
   It protects you from cold.
   It affects your resistance to hostile enchantments.
   It has a curse placed upon it.
 H - a cursed +1 shield of poison resistance (worn)
 J - a cursed +1 hat (worn)
 Q - a cursed +2 scale mail of fire resistance (worn)
Rods
 w - a +7 rod of shadows (15/15)
   (You found it on level 5 of the Dungeon)
 R - a +2 rod of clouds (13/13)
   (You found it on level 4 of the Lair of Beasts)
Jewellery
 m - a +6 ring of protection (right hand)
 u - an uncursed ring of positive energy
 L - a ring of protection from magic (left hand)
 O - an uncursed ring of sustain abilities
 V - an amulet of regeneration (around neck)
Magical devices
 n - a wand of confusion (30)
 B - a wand of digging (7)
Scrolls
 c - a scroll of curse armour
 i - 12 scrolls of identify
 l - 10 scrolls of teleportation
 r - a scroll of remove curse
 t - 4 scrolls of fog
 S - 4 scrolls of magic mapping
 U - 2 scrolls of silence
 Z - 4 scrolls of recharging
Potions
 q - 6 potions of might
 G - a potion of agility
 I - 3 potions of resistance
 P - a potion of cancellation
 T - 10 potions of curing
Miscellaneous
 h - a phial of floods
 y - a lamp of fire (inert)
Comestibles
 j - 6 chunks of flesh
 v - 18 meat rations
 Y - 7 bread rations


   Skills:
 - Level 10.2 Fighting
   Level 2.0(10.9) Short Blades
 - Level 16.0 Long Blades
 - Level 12.0 Maces & Flails
   Level 1.0 Bows
 - Level 10.0 Throwing
 - Level 11.2(13.8) Armour
 - Level 10.0(12.7) Dodging
 - Level 2.0 Stealth
 - Level 15.0(16.5) Shields
 - Level 1.0 Unarmed Combat
 + Level 3.1 Charms
 + Level 3.1 Air Magic
 - Level 10.0 Evocations


You had 6 spell levels left.
You knew the following spells:

 Your Spells              Type           Power        Failure   Level  Hunger
a - Animate Skeleton      Necr           N/A          50%         1    ##.....
b - Summon Butterflies    Summ           #.......     50%         1    ##.....
d - Apportation           Tloc           #.........   50%         1    ##.....
f - Flight                Chrm/Air       ##........   41%         3    ####...
r - Regeneration          Chrm/Necr      #.........   78%         3    ####...
w - Spectral Weapon       Hex/Chrm       #.......     78%         3    ####...


Dungeon Overview and Level Annotations

Branches:
Dungeon (15/15)            Temple (1/1) D:7            Lair (8/8) D:10
 Shoals (1/5) Lair:4        Snake (5/5) Lair:5        Slime (0/6) Lair:8
    Orc (4/4) D:9             Elf (0/3) Orc:3        Vaults (1/5) D:13
 Depths (0/5) D:15

Altars:
Ashenzari
Cheibriados
Dithmenos
Elyvilon
Fedhas
Gozag
Kikubaaqudgha
Makhleb
Nemelex Xobeh
Okawaru
Qazlal
Ru
Sif Muna
Trog
Vehumet
Xom
Yredelemnul
Zin
The Shining One
Jiyva

Shops:
D:12 (   D:14 *   Orc:3 ?   Orc:4 [*(?(

Annotations:
D:6 exclusion: oklob plant
Lair:3 exclusion: 3 oklob plants
Lair:4 exclusion: 3 upstairs
Snake:3 exclusion: Roxanne, Roxanne
Orc:2 exclusion: upstairs


Message History

You feel troubled. The fire dragon breathes flames at you.
The blast of flame hits you! You resist.
* * * LOW HITPOINT WARNING * * *
The deep elf fighter gestures at you while chanting.
The puff of flame hits you!
Wield which item (- for none, * to show all)? (? for menu, Esc to quit)
Your +7 double sword of flaming stops flaming.
You feel magic leave you.
d - the +5 demon whip "Spellbinder" (weapon)
{antimagic, MR+} You block the deep elf fighter's attack.
You are too injured to fight recklessly!
You are too injured to fight recklessly!
The deep elf fighter gestures at you while chanting.
The magic dart hits you!
The deep elf fighter casts a spell at you.
The magic dart hits you! The fire dragon breathes flames at you.
The blast of flame hits you! You resist.
You die...

#....#........ #....#........
#....#........ #....'........
#....#......^. #....#........
#....#........
####################....#########
..............e.@.......#########
.............D..........##.#.+.#.
........................#..'.#.#.
##)#+##.....W...........####.#.##
,#....#..###########....#....'...
,+....#..# #....####'####
.##...+..# #....'....'...
..##..#.W# #....##'#.#.'#
...####..# * *#.[..#..+.#.#.


You could see a fire dragon, a freezing wraith and a deep elf fighter.

Vanquished Creatures
  A sphinx (D:14)
  10 greater nagas
  2 vault wardens (Vaults:1)
  Aizul (Snake:4)
  2 ironheart preservers (Vaults:1)
  3 rakshasas (D:13)
  A white draconian (IceCv)
  Azrael (Snake:2)
  A fire dragon (Lair:5)
  A deep elf death mage (Vaults:1)
  A merfolk impaler (Shoals:1)
  3 yaktaur captains (Vaults:1)
  Harold (Lair:4)
  An ice dragon (Lair:8)
  12 naga warriors
  9 anacondas
  4 hydras
  A deep troll shaman (Vaults:1)
  A merfolk avatar (Shoals:1)
  3 centaur warriors
  A death yak (IceCv)
  A tengu warrior (D:15)
  10 naga sharpshooters
  9 shock serpents
  4 orc high priests
  2 deep elf knights
  Nergalle (Orc:4)
  A shadow wraith (Vaults:1)
  Erolcha (D:8)
  2 ice devils (D:15)
  5 salamander mystics
  4 skeletal warriors
  An unseen horror (D:12)
  2 deep trolls (D:13)
  5 sea snakes
  7 naga ritualists
  6 lindwurms
  A flayed ghost (D:15)
  An ice statue (IceCv)
  2 ironbrand convokers (Vaults:1)
  5 hill giants
  9 mana vipers
  4 griffons
  A deep elf conjurer (Vaults:1)
  12 ugly things
  8 orc knights
  3 cyclopes
  2 fauns (Shoals:1)
  7 salamanders
  An orc sorcerer (Vaults:1)
  2 wolf spiders
  2 water nymphs (Shoals:1)
  A worldbinder (IceCv)
  3 manticores
  48 black mambas
  2 sirens (Shoals:1)
  6 guardian serpents
  An eye of devastation (shapeshifter) (D:13)
  5 elephants (Lair:8)
  21 naga magi
  6 centaur skeletons
  5 torpor snails (Lair:8)
  A queen ant (Lair:4)
  An orange demon (D:13)
  A kobold demonologist (Vaults:1)
  11 komodo dragons
  7 yaktaurs (Vaults:1)
  A gargoyle (D:13)
  15 spiny frogs
  3 fire drakes
  A freezing wraith (D:13)
  3 giant leeches (Lair:8)
  5 merfolk (Shoals:1)
  A queen bee (Lair:1)
  A wind drake (Shoals:1)
  14 polar bears (IceCv)
  A blue devil (Orc:4)
  A two-headed ogre (shapeshifter) (D:15)
  6 slime creatures
  A blink frog (shapeshifter) (D:13)
  4 ravens (D:15)
  16 blink frogs
  2 boulder beetles
  A hornet zombie (D:14)
  4 basilisks
  5 trolls
  7 wyverns
  3 water elementals
  A redback (shapeshifter) (D:14)
  3 redbacks
  5 wraiths
  49 yaks
  A trapdoor spider (D:12)
  3 fire elementals
  2 tarantellas (Vaults:1)
  6 deep elf magi
  3 shadows
  Eustachio (Orc:2)
  12 hippogriffs
  2 hungry ghosts
  A warg (Orc:2)
  13 deep elf fighters
  A mottled dragon (D:13)
  20 soldier ants (Lair:4)
  30 wolves
  40 nagas
  Edmund (Orc:1)
  45 water moccasins
  The ghost of raikaria the Gusty, an average TeAE (D:3)
  10 porcupines
  3 hell hounds
  5 wasps
  A black bear (D:12)
  3 spiders (Lair:8)
  3 phantoms
  4 ice beasts
  A boring beetle (Lair:8)
  43 orc warriors
  7 sky beasts
  2 boggarts
  15 ogres
  19 crocodiles
  30 centaurs
  33 giant frogs
  5 brain worms (Lair:8)
  2 wyvern zombies
  5 big kobolds (D:13)
  6 scorpions
  A gnoll sergeant (D:11)
  33 killer bees
  24 wights
  8 crimson imps
  A quasit (D:8)
  A centaur zombie (D:5)
  5 electric eels
  2 goliath beetles
  4 giant frog zombies
  39 orc priests
  7 giant frog skeletons
  13 hounds
  3 human skeletons (D:7)
  2 human zombies (D:7)
  7 jellies
  38 worker ants
  11 iguanas
  43 orc wizards
  A hell rat (Vaults:1)
  An ogre zombie (D:7)
  22 sheep
  An ogre skeleton (D:7)
  A hound zombie (D:9)
  4 hound skeletons
  A mummy (D:7)
  82 river rats
  7 gnolls
  A worker ant zombie (D:10)
  32 adders
  5 shadow imps
  A giant mite (D:1)
  A white imp (D:13)
  21 worms
  4 adder skeletons
  An adder zombie (D:5)
  9 giant geckos
  2 oozes
  216 orcs
  4 ball pythons
  3 bat skeletons
  5 giant cockroaches
  25 goblins
  19 hobgoblins
  16 jackals
  16 bats
  A giant gecko skeleton (D:4)
  6 giant newts
  2 giant spores
  17 kobolds
  2 orc skeletons (D:12)
  14 quokkas
  11 rats
  9 ballistomycetes
  A fungus (Lair:7)
  A plant (Lair:8)
1639 creatures vanquished.

Vanquished Creatures (collateral kills)
  A greater naga (Snake:4)
  A hydra (D:15)
  A merfolk avatar (Shoals:1)
  A centaur warrior (Vaults:1)
  An orc high priest (Orc:4)
  A fire crab (Lair:7)
  An orc knight (Vaults:1)
  A hill giant (D:11)
  A phantasmal warrior (D:13)
  3 ugly things
  A manticore (Snake:2)
  A black mamba (Snake:5)
  A gargoyle (D:14)
  A blink frog (Lair:1)
  2 hippogriffs
  A naga (Snake:4)
  A water moccasin (Snake:4)
  A phantom (D:12)
  4 orc warriors
  A necrophage (D:6)
  A centaur (Vaults:1)
  5 killer bees
  2 wights (D:7)
  2 jellies
  A goliath beetle (D:5)
  An iguana (D:6)
  3 orc priests
  2 orcs
  2 bats (D:6)
  A giant cockroach (D:6)
  A hobgoblin (D:7)
  A jackal (D:6)
  A giant spore (Snake:2)
  3 fungi
52 creatures vanquished.

Vanquished Creatures (others)
  A death yak (IceCv)
  A deep troll earth mage (D:14)
  2 naga sharpshooters (Snake:5)
  An unseen horror (D:12)
  A deep elf summoner (Vaults:1)
  A hill giant (Lair:2)
  3 ugly things (Lair:7)
  A centaur zombie (Snake:5)
  8 drowned souls (Shoals:1)
  A naga mage (Snake:5)
  A guardian serpent (Snake:5)
  A kobold demonologist (D:13)
  A troll (D:11)
  A polar bear (IceCv)
  A blue devil (Vaults:1)
  A fire vortex (Snake:5)
  A basilisk (D:15)
  2 deep elf magi
  2 hungry ghosts
  A wyvern (IceCv)
  3 yaks
  A deep elf fighter (Orc:3)
  A hippogriff (shapeshifter) (D:13)
  2 wolves (IceCv)
  2 ogres
  3 sky beasts
  2 orc warriors
  A wasp (D:7)
  A centaur (D:13)
  A giant frog (D:13)
  5 killer bees
  A wight (D:13)
  A goliath beetle (D:13)
  A quasit (D:15)
  2 crimson imps
  2 hounds
  2 giant frog zombies
  A giant frog skeleton (D:12)
  An iguana (D:8)
  2 orc wizards
  2 worker ants
  3 small abominations (IceCv)
  2 adders
  A gnoll (Lair:3)
  2 shadow imps
  14 orcs
  2 hobgoblins
  A jackal (Snake:1)
  3 quokkas
  A giant spore (D:11)
  A kobold (Lair:2)
  22 fungi
  17 plants
138 creatures vanquished.

Grand Total: 1829 creatures vanquished

Notes
Turn   | Place    | Note
--------------------------------------------------------------
     0 | D:1      | hannobal, the Human Wanderer, began the quest for the Orb.
     0 | D:1      | hannobal set off with: a +2 dagger, a scroll of blinking, a +0 falchion, a potion of curing, a +0 robe, a bread ration
     0 | D:1      | Reached XP level 1. HP: 16/16 MP: 1/1
    26 | D:1      | Reached skill level 1 in Long Blades
   184 | D:1      | Reached XP level 2. HP: 19/22 MP: 2/2
   677 | D:1      | Reached XP level 3. HP: 24/27 MP: 4/4
  1449 | D:1      | Reached skill level 3 in Long Blades
  1621 | D:1      | Reached XP level 4. HP: 24/33 MP: 5/5
  1878 | D:2      | Found a shattered altar of Ashenzari.
  1885 | D:2      | Became a worshipper of Ashenzari the Shackled
  2860 | D:3      | Reached skill level 4 in Long Blades
  2908 | D:3      | Reached XP level 5. HP: 14/38 MP: 6/6
  3292 | D:3      | Found a sparkling altar of Nemelex Xobeh.
  3295 | D:3      | Noticed raikaria's ghost (average TeAE)
  4737 | D:4      | Noticed an ogre
  4747 | D:4      | Reached skill level 5 in Long Blades
  5239 | D:4      | Reached XP level 6. HP: 16/44 MP: 8/8
  5572 | D:3      | HP: 1/44 [gnoll/flail (9)]
  6076 | D:4      | Killed an ogre
  6076 | D:4      | Reached skill level 6 in Long Blades
  6363 | D:3      | Reached XP level 7. HP: 31/50 MP: 9/9
  6606 | D:4      | Noticed a phantom
  6668 | D:4      | Killed a phantom
  6668 | D:4      | Reached skill level 7 in Long Blades
  7014 | D:4      | Gained mutation: You can spit poison. [potion of mutation]
  7014 | D:4      | Gained mutation: You have large cloven feet. [potion of mutation]
  7014 | D:4      | Gained mutation: You have difficulty communicating with the divine. [potion of mutation]
  7718 | D:5      | Entered Level 5 of the Dungeon
  7870 | D:5      | Reached skill level 8 in Long Blades
  8144 | D:5      | Identified a +0 rod of shadows (11/11) (You found it on level 5 of the Dungeon)
  8282 | D:5      | Reached XP level 8. HP: 33/56 MP: 10/10
  9249 | D:5      | Reached skill level 9 in Long Blades
  9282 | D:5      | Found a blossoming altar of Fedhas.
  9556 | D:6      | Found an iron altar of Okawaru.
  9898 | D:6      | Reached skill level 10 in Long Blades
  9913 | D:6      | Got the uncursed leather armour of Plashiff {Str+2 Int+4 Dex-2}
  9926 | D:6      | Identified the +0 leather armour of Plashiff {Str+2 Int+4 Dex-2} (You found it on level 6 of the Dungeon)
 10097 | D:6      | Noticed an oklob plant
 10299 | D:6      | Found a stormy altar of Qazlal.
 10299 | D:6      | Found a glowing golden altar of the Shining One.
 10306 | D:6      | Reached XP level 9. HP: 52/61 MP: 12/14
 10753 | D:6      | Reached skill level 1 in Armour
 11486 | D:7      | Reached skill level 11 in Long Blades
 11502 | D:7      | Found a basalt altar of Yredelemnul.
 12059 | D:7      | Reached XP level 10. HP: 68/70 MP: 15/15
 12083 | D:7      | Found a deep blue altar of Sif Muna.
 12128 | D:7      | Found a glowing silver altar of Zin.
 12779 | D:7      | Reached skill level 12 in Long Blades
 13035 | D:7      | Got the uncursed shield "Thrigux" {rElec rC- Regen+ Str+2 Int+2}
 13041 | D:7      | Identified the +6 shield "Thrigux" {rElec rC- Regen+ Str+2 Int+2} (You found it on level 7 of the Dungeon)
 13346 | D:7      | Found a staircase to the Ecumenical Temple.
 13354 | Temple   | Entered the Ecumenical Temple
 15012 | D:8      | Noticed Erolcha
 15095 | D:8      | Gained mutation: You are resistant to hostile enchantments. [potion of beneficial mutation]
 15956 | D:9      | Found a staircase to the Orcish Mines.
 15961 | D:9      | Reached skill level 5 in Dodging
 16054 | D:9      | Reached XP level 11. HP: 74/77 MP: 17/17
 16071 | D:9      | Acquired Ashenzari's first power
 16281 | D:9      | Reached skill level 5 in Fighting
 16466 | D:9      | Reached skill level 13 in Long Blades
 16771 | Orc:1    | Entered Level 1 of the Orcish Mines
 17516 | Orc:1    | Noticed Edmund
 17535 | Orc:1    | Killed Edmund
 18416 | Orc:2    | Noticed Eustachio
 18424 | Orc:2    | Killed Eustachio
 20071 | Orc:2    | Reached skill level 14 in Long Blades
 20936 | Orc:3    | Found Sun Pniu's Magic Scroll Shop.
 20936 | Orc:3    | Found a staircase to the Elven Halls.
 20954 | Orc:3    | Bought a scroll of teleportation for 36 gold pieces
 20954 | Orc:3    | Bought a scroll of remove curse for 36 gold pieces
 20954 | Orc:3    | Bought a scroll of magic mapping for 42 gold pieces
 20954 | Orc:3    | Bought a scroll of identify for 24 gold pieces
 21437 | Orc:4    | Entered Level 4 of the Orcish Mines
 21632 | Orc:4    | Found Uga Fivi's Armour Shop.
 21637 | Orc:4    | Bought the +3 pair of boots of the Peculiar Deaths {rC+ MR+ Str-2 Int+6} for 570 gold pieces
 23143 | Orc:4    | Reached XP level 12. HP: 53/86 MP: 18/18
 23203 | Orc:4    | Noticed Nergalle
 23444 | D:10     | Entered Level 10 of the Dungeon
 23996 | D:10     | Found a staircase to the Lair.
 24011 | D:10     | Reached skill level 15 in Long Blades
 24222 | Lair:1   | Entered Level 1 of the Lair of Beasts
 25403 | Lair:1   | Acquired Ashenzari's second power
 25573 | Lair:1   | Reached skill level 16 in Long Blades
 26106 | Lair:1   | Reached skill level 1 in Throwing
 28112 | Lair:2   | Noticed a seven-headed hydra
 28364 | Lair:2   | Reached XP level 13. HP: 74/91 MP: 19/19
 29483 | Lair:3   | Reached skill level 17 in Long Blades
 29907 | D:11     | Acquired Ashenzari's third power
 30323 | D:11     | Reached skill level 5 in Evocations
 31753 | D:12     | Found Wapt's Weapon Shoppe.
 31761 | D:12     | Bought the +5 demon whip "Spellbinder" {antimagic, MR+} for 631 gold pieces
 32218 | D:3      | Found a sparkling altar of Nemelex Xobeh.
 32553 | D:3      | Killed raikaria's ghost
 32553 | D:3      | Reached skill level 1 in Maces & Flails
 32729 | D:8      | Killed Erolcha
 33433 | D:12     | Reached skill level 5 in Maces & Flails
 34907 | D:13     | Acquired Ashenzari's fourth power
 35041 | D:13     | Lost mutation: You are resistant to hostile enchantments. [potion of cure mutation]
 35041 | D:13     | Lost mutation: You have large cloven feet. [potion of cure mutation]
 35565 | D:13     | Reached XP level 14. HP: 90/98 MP: 7/22
 36049 | D:13     | Found a gate to the Vaults.
 36486 | D:13     | Reached skill level 18 in Long Blades
 37764 | D:14     | Noticed a sphinx
 37972 | D:14     | Killed a sphinx
 38192 | D:13     | Reached skill level 10 in Maces & Flails
 38745 | D:14     | Found Soinoil's General Store.
 38850 | D:15     | Entered Level 15 of the Dungeon
 38920 | D:15     | Found a frozen archway.
 39105 | IceCv    | Entered an ice cave
 39579 | IceCv    | Reached XP level 15. HP: 103/103 MP: 7/23
 40304 | IceCv    | Reached skill level 5 in Shields
 40382 | IceCv    | Identified the ring of Gluttony {Ice Str+2}
 41797 | D:15     | Found a staircase to the Depths.
 42292 | Lair:4   | Noticed Harold
 42326 | Lair:4   | Killed Harold
 42521 | Lair:4   | Got the long sword "Embalmer" {antimagic, MP+9 Str+3}
 42522 | Lair:4   | Identified the +3 long sword "Embalmer" {antimagic, MP+9 Str+3} (You found it on level 4 of the Lair of Beasts)
 42596 | Lair:4   | Found a staircase to the Shoals.
 42819 | Lair:4   | Reduced skill Long Blades to level 17
 43092 | Lair:4   | Reached skill level 10 in Shields
 43745 | Lair:5   | Got the war axe "Ramuitz" {chop, Dex+4}
 43764 | Lair:5   | Identified the +2 war axe "Ramuitz" {chop, Dex+4} (You found it on level 5 of the Lair of Beasts)
 44124 | Lair:5   | Found a staircase to the Snake Pit.
 44605 | Lair:5   | Reached skill level 5 in Armour
 45391 | Lair:6   | Reached XP level 16. HP: 94/109 MP: 8/24
 46172 | Lair:7   | Identified a scroll of acquirement
 46176 | Lair:7   | Identified a +2 rod of clouds (13/13) (You found it on level 4 of the Lair of Beasts)
 46929 | Lair:8   | Entered Level 8 of the Lair of Beasts
 47535 | Lair:8   | Found a runed door.
 47582 | Lair:8   | Reduced skill Long Blades to level 16
 47972 | Lair:8   | Found a viscous altar of Jiyva.
 47972 | Lair:8   | Found a staircase to the Slime Pits.
 49459 | Orc:4    | Noticed an orc knight
 49480 | Orc:4    | Killed Nergalle
 49497 | Orc:4    | Killed an orc knight
 49563 | Orc:4    | Noticed an orc knight
 49565 | Orc:4    | Noticed an orc high priest
 49567 | Orc:4    | Noticed an orc high priest
 49622 | Orc:3    | Killed an orc knight
 49691 | Orc:3    | Killed an orc high priest
 49736 | Orc:4    | Killed an orc high priest
 49819 | Orc:4    | Noticed an orc knight
 49827 | Orc:4    | Noticed an orc knight
 49859 | Orc:4    | Killed an orc knight
 49944 | Orc:4    | Killed an orc knight
 49988 | Orc:4    | Noticed an orc high priest
 50016 | Orc:4    | Killed an orc high priest
 50046 | Orc:4    | Noticed an orc high priest
 50060 | Orc:4    | Killed an orc high priest
 50077 | Orc:4    | Reduced skill Bows to level 1
 50146 | Orc:4    | Noticed an orc knight
 50164 | Orc:4    | Killed an orc knight
 50182 | Orc:4    | Noticed an orc high priest
 50187 | Orc:4    | Killed an orc high priest
 50265 | Orc:4    | Found Crarr's Magic Scroll Shoppe.
 50265 | Orc:4    | Found Geuwasmu's General Store.
 50265 | Orc:4    | Found Frelarph's Weapon Emporium.
 50266 | Orc:4    | Found Qaponum's Weapon Emporium.
 50284 | Orc:4    | Bought a scroll of enchant weapon for 82 gold pieces
 50284 | Orc:4    | Bought a scroll of teleportation for 33 gold pieces
 50284 | Orc:4    | Bought a scroll of teleportation for 33 gold pieces
 50284 | Orc:4    | Bought a scroll of enchant armour for 82 gold pieces
 50284 | Orc:4    | Bought a scroll of silence for 82 gold pieces
 50284 | Orc:4    | Bought a scroll of silence for 82 gold pieces
 50284 | Orc:4    | Bought a scroll of identify for 22 gold pieces
 50284 | Orc:4    | Bought a scroll of identify for 22 gold pieces
 50284 | Orc:4    | Bought a scroll of vulnerability for 82 gold pieces
 50284 | Orc:4    | Bought a scroll of magic mapping for 38 gold pieces
 50286 | Orc:4    | Bought a scroll of identify for 30 gold pieces
 50286 | Orc:4    | Bought a scroll of recharging for 142 gold pieces
 50286 | Orc:4    | Bought 4 javelins for 48 gold pieces
 50286 | Orc:4    | Bought 8 needles of confusion for 60 gold pieces
 50286 | Orc:4    | Bought a potion of curing for 45 gold pieces
 50290 | Orc:4    | Bought 5 tomahawks of returning for 85 gold pieces
 50693 | Snake:1  | Entered Level 1 of the Snake Pit
 51184 | Snake:1  | Reached XP level 17. HP: 126/126 MP: 25/25
 52605 | Snake:2  | Reached skill level 15 in Shields
 53314 | Snake:3  | Reached skill level 10 in Fighting
 53823 | Snake:3  | Noticed Azrael
 53829 | Snake:3  | Noticed Roxanne
 53878 | Snake:3  | Reached skill level 5 in Throwing
 53905 | Snake:2  | Killed Azrael
 55359 | Snake:4  | Noticed Aizul
 55376 | Snake:4  | Killed Aizul
 55612 | Snake:4  | Lost mutation: You can spit poison. [potion of cure mutation]
 55612 | Snake:4  | Lost mutation: You have difficulty communicating with the divine. [potion of cure mutation]
 55783 | Snake:5  | Entered Level 5 of the Snake Pit
 55901 | Snake:5  | Reached XP level 18. HP: 131/134 MP: 25/25
 57762 | Snake:5  | Reached skill level 10 in Armour
 58218 | Snake:5  | Reached skill level 10 in Dodging
 59847 | Snake:5  | Learned a level 1 spell: Apportation
 59849 | Snake:5  | Learned a level 1 spell: Summon Butterflies
 59867 | Snake:5  | Reached XP level 19. HP: 133/140 MP: 9/29
 60024 | Snake:5  | Got a serpentine rune of Zot
 60471 | D:14     | Bought a phial of floods for 520 gold pieces
 60860 | Shoals:1 | Entered Level 1 of the Shoals
 62042 | Vaults:1 | Entered Level 1 of the Vaults
 62080 | D:13     | Reached skill level 10 in Evocations
 63047 | Vaults:1 | Reached skill level 10 in Throwing
 63309 | Vaults:1 | HP: 6/140 [deep troll[an ironheart preserver] (20)]
 63573 | Lair:2   | Learned a level 3 spell: Flight
 63575 | Lair:2   | Learned a level 1 spell: Animate Skeleton
 63579 | Lair:2   | Learned a level 3 spell: Regeneration
 63583 | Lair:2   | Learned a level 3 spell: Spectral Weapon
 64201 | D:13     | Reached skill level 1 in Charms
 64201 | D:13     | Reached skill level 1 in Air Magic
 64600 | Vaults:1 | Got the cursed scale mail of the Armoured One {+Inv rElec SInv}
 64601 | Vaults:1 | Identified the cursed -5 scale mail of the Armoured One {+Inv rElec SInv} (You found it on level 1 of the Vaults)
 64752 | Vaults:1 | Found a glowing golden altar of the Shining One.
 64905 | Vaults:1 | Killed from afar by a fire dragon

Action                   |  1- 3 |  4- 6 |  7- 9 | 10-12 | 13-15 | 16-18 | 19-21 || total
-------------------------+-------+-------+-------+-------+-------+-------+-------++-------
Melee: Falchion          |    97 |   280 |   346 |       |       |       |       ||   723
       Trident           |       |       |     8 |     2 |       |       |       ||    10
       Long sword        |       |       |   320 |   145 |       |    35 |       ||   500
       Great sword       |       |       |       |  1702 |   309 |       |       ||  2011
       Scimitar          |       |       |       |    39 |       |       |       ||    39
       Short sword       |       |       |       |    55 |       |       |       ||    55
       Demon whip        |       |       |       |       |  2794 |   545 |   157 ||  3496
       Double sword      |       |       |       |       |       |  1592 |   451 ||  2043
 Fire: Hunting sling     |       |       |     4 |       |       |       |       ||     4
       Shortbow          |       |       |       |   124 |     2 |       |       ||   126
       Blowgun           |       |       |       |       |       |    26 |     9 ||    35
Throw: Stone             |    37 |    22 |    21 |    26 |     1 |       |       ||   107
       Tomahawk          |       |       |       |    15 |    11 |    43 |       ||    69
       Javelin           |       |       |       |       |    22 |   111 |     6 ||   139
Invok: Transfer Knowledg |       |       |       |       |     2 |     1 |       ||     3
       End Transfer Know |       |       |       |       |       |     1 |       ||     1
 Abil: Spit Poison       |       |       |     1 |    11 |     7 |       |       ||    19
Evoke: Rod               |       |       |     7 |     9 |    62 |    26 |     3 ||   107
       Wand              |       |       |     3 |     1 |    11 |     8 |       ||    23
       Lamp of fire      |       |       |       |       |       |       |     1 ||     1
       Phial of floods   |       |       |       |       |       |       |     1 ||     1
  Use: Scroll            |     3 |     6 |     4 |    18 |    22 |    21 |     5 ||    79
       Potion            |     3 |     1 |     3 |     6 |     6 |     5 |     2 ||    26
 Stab: Invisible         |     1 |       |       |       |       |       |       ||     1
       Sleeping          |     1 |       |       |       |       |       |       ||     1
       Distracted        |       |       |     1 |       |       |     2 |     1 ||     4
       Paralysed         |       |       |       |       |       |    13 |       ||    13
       Confused          |       |       |       |       |       |     1 |     4 ||     5
  Eat: Chunk             |     2 |     7 |    11 |    46 |    29 |    25 |    10 ||   130
       Bread ration      |       |     1 |     2 |     2 |       |       |     1 ||     6
       Meat ration       |       |     1 |       |       |       |       |       ||     1
       Fruit             |       |       |     4 |       |       |    33 |       ||    37
       Pizza             |       |       |       |     1 |     9 |       |       ||    10
       Royal jelly       |       |       |       |       |    15 |       |     1 ||    16
       Beef jerky        |       |       |       |       |     4 |     3 |     1 ||     8
